 Dungeon Crawl Stone Soup version 0.22-a0-609-gfedc9ff (webtiles) character file.

725 Amnesiac the Thaumaturge (level 7, 0/36 HPs)
             Began as a Deep Elf Wizard on July 10, 2018.
             Succumbed to Duvessa's poison
             ... on level 6 of the Dungeon.
             The game lasted 00:05:59 (1961 turns).

Amnesiac the Thaumaturge (Deep Elf Wizard)          Turns: 1961, Time: 00:05:59

Health: 0/36       AC:  4    Str:  4    XL:     7   Next: 43%
Magic:  21/23      EV: 13    Int: 25    God:
Gold:   82         SH:  0    Dex: 13    Spells: 17/28 levels left

rFire    . . .     SeeInvis .   b - +0 blowgun
rCold    . . .     Gourm    .   (no shield)
rNeg     . . .     Faith    .   e - +0 robe
rPois    .         Spirit   .   m - +1 helmet
rElec    .         Reflect  .   (no cloak)
rCorr    .         Harm     .   (no gloves)
MR       .....                  (no boots)
Stlth    ++........             (no amulet)
HPRegen  0.12/turn              (no ring)
MPRegen  0.18/turn              (no ring)

@: lethally poisoned (0 -> -17)
A: no striking features
a: no special abilities


You were on level 6 of the Dungeon.
You were not hungry.

You visited 1 branch of the dungeon, and saw 6 of its levels.

You collected 82 gold pieces.

Inventory:

Hand Weapons
 a - a +0 dagger
 b - a +0 blowgun (weapon)
Missiles
 i - 25 poisoned needles (quivered)
Armour
 e - a +0 robe (worn)
 j - a +0 shield
 m - a +1 helmet (worn)
Wands
 k - a wand of acid (4)
Scrolls
 c - 3 scrolls of blinking {!r}
 h - a scroll of fog {!r}
Potions
 g - a potion of flight {!q}
Comestibles
 d - 3 rations
 l - 16 chunks of flesh


   Skills:
 - Level 2.4 Dodging
 - Level 2.4 Stealth
 + Level 11.4 Spellcasting
 - Level 1.1 Conjurations
 - Level 1.1 Summonings
 - Level 1.1 Translocations


You had 17 spell levels left.
You knew the following spells:

 Your Spells              Type           Power        Failure   Level  Hunger
a - Magic Dart            Conj           ###.         2%          1    None
b - Call Imp              Summ           ###.....     4%          2    None
e - Mephitic Cloud        Conj/Pois/Air  ###.....     11%         3    None
s - Conjure Flame         Conj/Fire      ###.....     11%         3    None
v - Blink                 Tloc           N/A          4%          2    None

Your spell library contained the following spells:

 Spells                   Type           Power        Failure   Level  Hunger
 Slow                     Hex            ##......     6%          2    None


Dungeon Overview and Level Annotations

Branches:
Dungeon (6/15)
 Temple: D:4-7

Altars:
Ashenzari
Cheibriados
The Shining One

Annotations:
D:2 Natasha
D:6 Dowan, Duvessa


Message History

You feel sick.
You see here an orc corpse.
You butcher the orc corpse.
l - 8 chunks of flesh (gained 4)
You feel sick.
Items here: )) [[ † a trident; a chain mail; a mace; a scale mail; an orc corpse You feel sick.
i - 18 poisoned needles (gained 1)
i - 21 poisoned needles (gained 3)
You feel sick.
i - 24 poisoned needles (gained 3)
Found a shield.
You feel sick.
i - 25 poisoned needles (gained 1)
You feel sick.
You are no longer poisoned.
You see here a shield.
j - a shield Really read
f - a scroll of identify {!r}?
As you read the scroll of identify {!r}, it crumbles to dust.
h - a scroll of fog {!r} You hear the rusting of a very distant drain.
You butcher the orc corpse.
l - 12 chunks of flesh (gained 4)
Items here: )) [[ a trident; a chain mail; a mace; a scale mail
Items here: )) [[ a trident; a chain mail; a mace; a scale mail Magic restored.
You butcher the orc corpse.
l - 16 chunks of flesh (gained 4)
You see here a mace. x2
You see here a mace.
Found a stone staircase leading down.
Dowan, Brother of Duvessa comes into view.
He is wielding a dagger of protection.
Duvessa, Sister of Dowan comes into view.
She is wielding a rapier of venom.
Duvessa shouts!
You hear a shout!
Duvessa hits you with a rapier of venom!
* * * LOW HITPOINT WARNING * * *
You are lethally poisoned!
There is a stone staircase leading down here.
Unknown command.
* * * LOW HITPOINT WARNING * * *
You feel sick.
* * * LOW HITPOINT WARNING * * *
You feel sick.
Okay, then.
* * * LOW HITPOINT WARNING * * *
You feel sick.
Duvessa roars, "You can run, but you cannot escape us forever!"
Casting: Conjure Flame (safe; 11% risk of failure)
Confirm with . or Enter, or press ? or * to list all spells.
A beastly little devil appears in a puff of frigid air.
* * * LOW HITPOINT WARNING * * *
You feel sick. Duvessa hits you but does no damage.
You are more poisoned.
* * * LOW HITPOINT WARNING * * *
You feel sick.
You swap places.
* * * LOW HITPOINT WARNING * * *
You feel sick.
Duvessa hits your white imp with a rapier of venom!
You die...

.....####.#†##
####.....#.###)######## ... #..##
##........ #.. #.## ##)).....
######### #.###..# ##........
........# #.....#.###.........
.###.##.########.####.#.#.#.####.
.#.........<.....####..##.##.###.
.#...##.########@.5e...........#.
...#)##.# ######..##(##.#.#.
..###.#=# #>#.#.#.##.#. ...#.##.#
#.##......... ##..###.#
#.#####.####. #..# #.# #.# .# #.
#..###.## #.# .# #. ##.......#
#.# .. #. .........# #.# .#


You could see Duvessa and a friendly white imp.

Vanquished Creatures
  A water moccasin (D:6)
  An orc warrior (D:6)
  2 phantoms (D:4)
  An ogre (D:4)
  A hound (D:6)
  An orc priest (D:4)
  2 orc wizards
  A centaur skeleton (D:4)
  2 worker ants (D:4)
  A hound zombie (D:6)
  An adder (D:3)
  An ooze (D:4)
  An adder skeleton (D:4)
  A worm (D:4)
  A dart slug (D:3)
  2 leopard geckos
  7 orcs
  A bat (D:3)
  2 giant cockroaches
  2 goblins
  2 hobgoblins (D:3)
  2 frilled lizards
  2 kobolds (D:3)
  A rat (D:1)
39 creatures vanquished.

Vanquished Creatures (collateral kills)
  An orc (D:4)
1 creature vanquished.

Grand Total: 40 creatures vanquished

Notes
Turn   | Place    | Note
-------+----------+-------------------------------------------
     0 | D:1      | Amnesiac the Deep Elf Wizard began the quest for the Orb.
     0 | D:1      | Reached XP level 1. HP: 10/10 MP: 7/7
   104 | D:3      | Reached skill level 5 in Spellcasting
   120 | D:2      | Reached XP level 2. HP: 15/15 MP: 0/10
   124 | D:2      | Learned a level 2 spell: Blink
   127 | D:2      | Learned a level 2 spell: Call Imp
   135 | D:2      | Noticed Natasha
   369 | D:4      | Reached skill level 6 in Spellcasting
   369 | D:4      | Reached XP level 3. HP: 19/19 MP: 10/12
   374 | D:4      | Learned a level 3 spell: Conjure Flame
   378 | D:4      | Learned a level 3 spell: Mephitic Cloud
   414 | D:4      | Noticed an ogre
   421 | D:4      | Killed an ogre
   421 | D:4      | Reached skill level 7 in Spellcasting
   421 | D:4      | Reached XP level 4. HP: 24/24 MP: 6/15
   565 | D:3      | Reached XP level 5. HP: 14/28 MP: 12/17
   804 | D:4      | Found a shattered altar of Ashenzari.
   856 | D:4      | Noticed a phantom
   857 | D:4      | Reached skill level 8 in Spellcasting
   876 | D:4      | Killed a phantom
   876 | D:4      | Reached skill level 9 in Spellcasting
  1065 | D:4      | Reached XP level 6. HP: 32/32 MP: 15/20
  1379 | D:4      | Reached skill level 10 in Spellcasting
  1515 | D:4      | Found a glowing golden altar of the Shining One.
  1724 | D:4      | You fall through a shaft for 2 floors!
  1724 | D:6      | Noticed an orc warrior
  1736 | D:6      | Found a snail-covered altar of Cheibriados.
  1835 | D:5      | Entered Level 5 of the Dungeon
  1851 | D:6      | Noticed an orc warrior
  1863 | D:6      | Reached XP level 7. HP: 36/36 MP: 13/23
  1874 | D:6      | Reached skill level 11 in Spellcasting
  1949 | D:6      | Noticed Dowan
  1953 | D:6      | Noticed Duvessa
  1961 | D:6      | Succumbed to Duvessa's poison

Vault maps used:
D:1:      lightli_molten_gateway
D:2:      uniq_natasha
D:3:      grunt_temple_overflow_open, overflow_temple_1_default, st_stairs_14,
          minmay_misc_feat_alley
D:4:      marbit_many_paths, ashenzari_conservatory_becter,
          kennysheep_generic_room_14
D:5:      bloody_trog, nicolae_overflow_crystal_walls, ebering_ghost_sewer_d,
          first_ration, corexii_checkpoint_a
D:6:      cheibriados_altar_1, serial_shops, nicolae_shop_overgrown_old_shop,
          gup_sewer_entry_spiral, uniq_duvessa

Skill      XL: |  1  2  3  4  5  6  7 |
---------------+----------------------+-----
Spellcasting   | 5 6 7 9 10 11 | 11.4
Dodging        | |  2.4
Stealth        | |  2.4
Conjurations   | |  1.1
Summonings     | |  1.1
Translocations | |  1.1

Action                   |  1- 3 |  4- 6 |  7- 9 || total
-------------------------+-------+-------+-------++-------
 Fire: Blowgun           |     2 |    24 |     7 ||    33
 Cast: Magic Dart        |    39 |    79 |       ||   118
       Conjure Flame     |       |     7 |     1 ||     8
       Blink             |       |     3 |       ||     3
       Mephitic Cloud    |       |     3 |       ||     3
       Call Imp          |       |     1 |     1 ||     2
Evoke: Wand              |       |     1 |       ||     1
  Use: Scroll            |       |     4 |     1 ||     5
       Potion            |       |       |     1 ||     1
  Eat: Chunk             |       |     3 |       ||     3
Armor: Robe              |       |     5 |     1 ||     6
Dodge: Dodged            |     4 |    33 |     1 ||    38

Table legend:
 A = Spawn XP
 B = Non-spawn XP
 C = Spawn XP percentage of total XP
 D = Spawn monster count
 E = Non-spawn monster count
 F = Spawn count percentage of total count
 G = Total turns spent on level
                    A         B        C        D         E        F      G
               +---------+---------+-------+---------+---------+-------+---------
         Total |       0 |    1037 |   0.0 |       0 |      40 |   0.0 |  1961
               +---------+---------+-------+---------+---------+-------+---------
           D:1 |       0 |       4 |   0.0 |       0 |       2 |   0.0 |    45
           D:2 |       0 |       5 |   0.0 |       0 |       3 |   0.0 |    82
           D:3 |       0 |      31 |   0.0 |       0 |       9 |   0.0 |   388
           D:4 |       0 |     597 |   0.0 |       0 |      15 |   0.0 |  1209
           D:6 |       0 |     400 |   0.0 |       0 |      11 |   0.0 |   235
               +---------+---------+-------+---------+---------+-------+---------
